3151 views
Uploaded 2020-02-09 23:13:14
Game version 1.32 / 1.32.1
9:05 long 2on2 ladder game on (4)TurtleRock
Saved by Grim
3151 views
Uploaded 2020-02-09 23:13:14
Game version 1.32 / 1.32.1
9:05 long 2on2 ladder game on (4)TurtleRock

36 units @ 5.9k
/ 0.4k
17 buildings @ 2.7k
/ 0.8k


| Rod of Necromancy | 2 | 300 |
| Potion of Healing | 2 | 300 |
| Sacrificial Skull | 1 | 50 |
| Potion of Mana | 1 | 200 |
| total: | 6 | 850g |
| Acolyte | 2 | 150 | / | 0 |
| Ghoul | 3 | 360 | / | 0 |
| Crypt Fiend | 10 | 2150 | / | 400 |
| total: | 15 | 2660g | / | 400w |
| Nerubian Tower | 1 | 100 | / | 20 |
| Crypt | 1 | 200 | / | 50 |
| Altar of Darkness | 1 | 180 | / | 50 |
| Ziggurat | 4 | 600 | / | 200 |
| Tomb of Relics | 2 | 260 | / | 60 |
| Graveyard | 1 | 215 | / | 0 |
| Slaughterhouse | 1 | 140 | / | 135 |
| Halls of the Dead | 1 | 320 | / | 210 |
| total: | 10 | 1595g | / | 495w |
| 0:03 | Acolyte |
| 0:08 | Crypt |
| 0:12 | Altar of Darkness |
| 0:14 | Acolyte |
| 0:32 | Ziggurat |
| 0:51 | Tomb of Relics |
| 0:55 | Graveyard |
| 1:10 | Ghoul |
| 1:13 | Tomb of Relics |
| 1:23 | Ghoul |
| 1:37 | Ghoul |
| 1:50 | Ziggurat |
| 2:17 | Crypt Fiend |
| 2:20 | Death Coil |
| 2:26 | Rod of Necromancy |
| 2:47 | Crypt Fiend |
| 3:11 | Crypt Fiend |
| 3:45 | Halls of the Dead |
| 3:59 | Crypt Fiend |
| 4:06 | Unholy Aura |
| 4:21 | Ziggurat |
| 4:23 | Nerubian Tower |
| 5:10 | Ziggurat |
| 5:44 | Death Coil |
| 5:52 | Crypt Fiend |
| 6:13 | Crypt Fiend |
| 6:15 | Burrow |
| 6:29 | Potion of Healing |
| 6:49 | Crypt Fiend |
| 7:11 | Frost Nova |
| 7:18 | Crypt Fiend |
| 7:51 | Crypt Fiend |
| 8:07 | Slaughterhouse |
| 8:29 | Crypt Fiend |
| 8:31 | Rod of Necromancy |
| 8:31 | Sacrificial Skull |
| 8:39 | Potion of Healing |
| 8:41 | Potion of Mana |
| Right click | 787 |
| Assign group | 337 |
| Select group | 267 |
| Select | 171 |
| Build/train/purchase | 37 |
| Use ability | 19 |
| Remove unit | 3 |
| Item give/drop | 2 |
| Minimap ping | 1 |

| Peon | 8 | 600 | / | 0 |
| Grunt | 13 | 2600 | / | 0 |
| total: | 21 | 3200g | / | 0w |
| Altar of Storms | 1 | 180 | / | 50 |
| Orc Burrow | 4 | 640 | / | 160 |
| Barracks | 1 | 180 | / | 50 |
| Voodoo Lounge | 1 | 130 | / | 30 |
| Stronghold | 1 | 315 | / | 190 |
| total: | 7 | 1130g | / | 290w |
| 0:02 | Peon |
| 0:02 | Peon |
| 0:07 | Altar of Storms |
| 0:15 | Orc Burrow |
| 0:22 | Peon |
| 0:30 | Peon |
| 0:38 | Barracks |
| 0:44 | Peon |
| 0:52 | Peon |
| 1:02 | Peon |
| 1:27 | Orc Burrow |
| 1:39 | Grunt |
| 1:44 | Peon |
| 2:05 | Grunt |
| 2:17 | Voodoo Lounge |
| 2:25 | Wind Walk |
| 2:46 | Grunt |
| 2:52 | Orc Burrow |
| 3:15 | Grunt |
| 3:55 | Stronghold |
| 4:22 | Grunt |
| 4:35 | Critical Strike |
| 4:46 | Grunt |
| 5:28 | Grunt |
| 5:28 | Grunt |
| 6:20 | Grunt |
| 6:46 | Grunt |
| 7:10 | Grunt |
| 7:19 | Grunt |
| 7:43 | Grunt |
| 7:49 | Orc Burrow |
| 8:09 | Wind Walk |
| Right click | 363 |
| Select | 143 |
| Build/train/purchase | 36 |
| Select group | 17 |
| Assign group | 8 |
| Remove unit | 2 |
| Use ability | 1 |
| Item give/drop | 1 |
38 units @ 5.9k
/ 0.7k
16 buildings @ 2.7k
/ 0.8k


| Rod of Necromancy | 1 | 150 |
| total: | 1 | 150g |
| Acolyte | 3 | 225 | / | 0 |
| Ghoul | 2 | 240 | / | 0 |
| Crypt Fiend | 10 | 2150 | / | 400 |
| Obsidian Statue | 1 | 200 | / | 35 |
| total: | 16 | 2815g | / | 435w |
| Nerubian Tower | 1 | 100 | / | 20 |
| Graveyard | 1 | 215 | / | 0 |
| Crypt | 1 | 200 | / | 50 |
| Altar of Darkness | 1 | 180 | / | 50 |
| Ziggurat | 3 | 450 | / | 150 |
| Tomb of Relics | 1 | 130 | / | 30 |
| Slaughterhouse | 1 | 140 | / | 135 |
| Halls of the Dead | 1 | 320 | / | 210 |
| total: | 8 | 1315g | / | 415w |
| 0:01 | Acolyte |
| 0:03 | Graveyard |
| 0:05 | Crypt |
| 0:16 | Acolyte |
| 0:17 | Acolyte |
| 0:39 | Altar of Darkness |
| 0:55 | Ziggurat |
| 1:09 | Ghoul |
| 1:31 | Tomb of Relics |
| 1:47 | Crypt Fiend |
| 2:00 | Ziggurat |
| 2:08 | Nerubian Tower |
| 2:30 | Crypt Fiend |
| 2:54 | Death Coil |
| 2:57 | Rod of Necromancy |
| 3:35 | Crypt Fiend |
| 3:58 | Crypt Fiend |
| 4:01 | Halls of the Dead |
| 4:14 | Unholy Aura |
| 4:26 | Ziggurat |
| 4:33 | Crypt Fiend |
| 6:06 | Crypt Fiend |
| 6:24 | Slaughterhouse |
| 6:26 | Creature Attack |
| 6:26 | Crypt Fiend |
| 6:52 | Crypt Fiend |
| 7:36 | Obsidian Statue |
| 7:43 | Ghoul |
| 8:04 | Crypt Fiend |
| 8:19 | Crypt Fiend |
| 8:29 | Frost Nova |
| 8:51 | Death Coil |
| Right click | 389 |
| Select group | 129 |
| Select | 124 |
| Build/train/purchase | 35 |
| Assign group | 21 |
| Misc. action | 17 |
| Use ability | 10 |
| Item give/drop | 2 |

| Wisp | 9 | 540 | / | 0 |
| Huntress | 13 | 2535 | / | 260 |
| total: | 22 | 3075g | / | 260w |
| Altar of Elders | 1 | 180 | / | 50 |
| Moon Well | 4 | 720 | / | 160 |
| Hunter's Hall | 1 | 210 | / | 100 |
| Ancient of War | 2 | 300 | / | 120 |
| Tree of Ages | 1 | 320 | / | 180 |
| total: | 8 | 1410g | / | 430w |
| 0:02 | Wisp |
| 0:02 | Wisp |
| 0:04 | Altar of Elders |
| 0:07 | Wisp |
| 0:17 | Moon Well |
| 0:26 | Wisp |
| 0:41 | Wisp |
| 1:00 | Wisp |
| 1:18 | Wisp |
| 1:39 | Hunter's Hall |
| 1:40 | Ancient of War |
| 1:42 | Wisp |
| 1:53 | Wisp |
| 1:58 | Ancient of War |
| 2:10 | Trueshot Aura |
| 2:17 | Moon Well |
| 2:44 | Moon Well |
| 2:49 | Huntress |
| 3:11 | Huntress |
| 3:13 | Ultravision |
| 3:22 | Huntress |
| 3:57 | Huntress |
| 4:00 | Huntress |
| 4:22 | Huntress |
| 4:38 | Huntress |
| 5:10 | Huntress |
| 5:46 | Huntress |
| 5:48 | Searing Arrows |
| 6:04 | Huntress |
| 6:25 | Huntress |
| 6:44 | Trueshot Aura |
| 7:02 | Huntress |
| 7:07 | Strength of the Moon |
| 7:29 | Huntress |
| 7:52 | Moon Well |
| 8:16 | Searing Arrows |
| 8:36 | Tree of Ages |
| Right click | 401 |
| Select | 147 |
| Misc. action | 45 |
| Build/train/purchase | 36 |
| Select group | 16 |
| Assign group | 2 |
| Use ability | 2 |